 Dungeon Crawl Stone Soup version 0.32-a0-953-g508020473e (webtiles) character file.

Game seed: 15202227268039069289

1353 elagabalus the Carver (level 8, -4/58 HPs)
             Began as a Coglin Berserker on Apr 16, 2024.
             Was an Elder of Trog.
             Killed from afar by an orc wizard (6 damage)
             ... with a magic dart
             ... on level 7 of the Dungeon.
             The game lasted 00:29:28 (4715 turns).

elagabalus the Carver (Coglin Berserker)            Turns: 4715, Time: 00:29:29

Health: -4/58      AC:  7    Str: 23    XL:     8   Next: 63%
Magic:  8/8        EV: 11    Int:  8    God:    Trog [****..]
Gold:   315        SH:  0    Dex: 16    Spells: 7/7 levels left

rFire   . . .        l - +5 falchion of the Feral God {flame, rF- rN+ Str+5 Int+2}
rCold   . . .        a - +1 falchion {Ekveer}
rNeg    + . .        q - +1 leather armour {rF+}
rPois   .            (no helmet)
rElec   .            n - +0 cloak
rCorr   .            j - +0 pair of gloves
SInv    .            i - +0 pair of boots
Will    .....        (amulet unavailable)
Stlth   +            (ring unavailable)
HPRegen 0.29/turn    (ring unavailable)
MPRegen 0.11/turn    (no gizmo)

%: no passive effects
@: lethally poisoned (-4 -> -12), on berserk cooldown, slowed, revved, very slow
A: off-hand wielding, slow wielding, warmup strikes, no jewellery
a: Invent Gizmo, Renounce Religion, Berserk, Trog's Hand, Brothers in Arms


You were on level 7 of the Dungeon.
You worshipped Trog.
Trog was greatly pleased with you.
You visited 1 branch of the dungeon, and saw 7 of its levels.

You collected 419 gold pieces.
You spent 104 gold pieces at shops.

Inventory:

Hand Weapons
 a - a +1 falchion (offhand) {Ekveer}
 k - a +0 short sword {Leticia}
 l - the +5 falchion of the Feral God (weapon) {flame, rF- rN+ Str+5 Int+2}
   (You found it on level 3 of the Dungeon)

   Str+5:     It affects your strength (+5).
   Int+2:     It affects your intelligence (+2).
   rF-:       It makes you vulnerable to fire.
   rN+:       It protects you from negative energy.
Armour
 i - a +0 pair of boots (worn)
 j - a +0 pair of gloves (worn)
 n - a +0 cloak (worn)
 q - a +1 leather armour of fire resistance (worn)
Wands
 m - a wand of roots (10)
 u - a wand of acid (7)
 v - a wand of charming (8)
Scrolls
 c - 3 scrolls of enchant weapon
 r - 2 scrolls of vulnerability
 t - a scroll of blinking
 w - 2 scrolls of revelation
Potions
 b - a potion of curing
 e - a potion of attraction {unknown}
 f - 3 potions of degeneration
 g - 3 potions of heal wounds {unknown}
 o - 2 potions of haste {unknown}
 p - a potion of lignification {unknown}


   Skills:
 - Level 3.0 Fighting
 - Level 0.1(6.1) Short Blades
 * Level 10.7 Long Blades
 - Level 1.7 Armour
 - Level 1.7 Dodging


You had 7 spell levels left.
You didn't know any spells.
Your spell library was empty.

Dungeon Overview and Level Annotations

Branches:
Dungeon (7/15)             Temple (0/1) D:6

Altars:
Fedhas
Hepliaklqana
Qazlal
Trog

Shops:
D:1 ::?   D:3 [   D:5 *


Innate Abilities, Weirdness & Mutations

You can wield a second weapon in your off-hand.
It takes a long time for you to wield or remove held weapons.
Your first few attacks do less damage.
You cannot equip rings or amulets.


Message History

Something hits you.
* * * LOW HITPOINT WARNING * * *
You are more poisoned.
The orc closely misses you.
You feel better. Something hits you but does no damage.
The orc closely misses you. Something hits you.
* * * LOW HITPOINT WARNING * * *
The orc barely misses you.
You catch the helpless orc completely off-guard!
You hit the orc with the +5 falchion of the Feral God.
You burn the orc.
You kill the orc!
Trog accepts your kill.
You flicker for a moment.
You hit something with the +5 falchion of the Feral God.
You burn something.
You hit something with your +1 falchion.
Something hits you but does no damage.
You are poisoned.
The orc hits you with a +0 flail.
* * * LOW HITPOINT WARNING * * *
You slash the orc with the +5 falchion of the Feral God!
You burn the orc.
You kill the orc!
Trog accepts your kill.
You feel sick.
You barely miss something with the +5 falchion of the Feral God.
You hit something with your +1 falchion.
You feel sick. Something hits you.
* * * LOW HITPOINT WARNING * * *
You are lethally poisoned!
You closely miss something with the +5 falchion of the Feral God.
You hit something with your +1 falchion.
You flicker back into view.
* * * LOW HITPOINT WARNING * * *
You feel very sick.
You hear some strange, mumbled words.
A magic dart appears from out of thin air!
The magic dart hits you.
You die...

..... .>... ##
...(.. ..
......#########.#
.......>...<....##.#
...........<........
########....##.###..
##).)#### .. #@)###
#.. #{## .. #.# #
..# ...# o<..#
.....# .....


There were no monsters in sight!

Vanquished Creatures
  An ice beast (D:7)
  A sky beast (D:7)
  An ogre (D:6)
  A phantom (D:6)
  A gnoll sergeant (D:6)
  2 scorpions
  A howler monkey (D:5)
  A jelly (D:6)
  2 orc priests (D:6)
  2 gnoll boudas
  2 iguanas (D:5)
  Terence (D:2)
  2 orc wizards (D:6)
  Natasha (thrice) (D:2)
  Robin (D:2)
  18 gnolls
  9 adders
  2 shadow imps
  A white imp (D:5)
  5 ribbon worms
  6 dart slugs
  15 orcs
  11 ball pythons
  8 endoplasms
  3 giant cockroaches
  13 goblins
  15 hobgoblins
  A jackal (D:1)
  4 kobolds
  7 quokkas
  5 bats
  3 frilled lizards
  4 rats
152 creatures vanquished.

Notes
Turn   | Place    | Note
-------+----------+-------------------------------------------
     0 | D:1      | elagabalus the Coglin Berserker began the quest for the
                  | Orb.
     0 | D:1      | Reached XP level 1. HP: 18/18 MP: 1/1
   102 | D:1      | Reached XP level 2. HP: 21/24 MP: 2/2
   269 | D:1      | Reached skill level 4 in Long Blades
   342 | D:1      | Reached XP level 3. HP: 28/29 MP: 3/3
   409 | D:1      | Found Memuel's Magic Scroll Emporium.
   495 | D:1      | Reached ** piety under Trog
   703 | D:1      | Found Biliar's Book Shop.
   876 | D:1      | Found Avesm's Book Shoppe.
   969 | D:2      | Noticed Robin
   980 | D:2      | Reached XP level 4. HP: 35/35 MP: 4/4
   985 | D:2      | Killed Robin
   988 | D:2      | Reached skill level 5 in Long Blades
  1002 | D:2      | Noticed Natasha
  1019 | D:2      | Killed Natasha
  1046 | D:2      | Noticed Natasha
  1060 | D:2      | Killed Natasha
  1061 | D:2      | Reached XP level 5. HP: 41/41 MP: 5/5
  1067 | D:2      | Noticed Natasha
  1072 | D:2      | Killed Natasha
  1076 | D:2      | HP: 1/41 [ribbon worm (3)]
  1169 | D:2      | Reached skill level 6 in Long Blades
  1388 | D:2      | Noticed Terence
  1400 | D:2      | Killed Terence
  1401 | D:2      | Reached XP level 6. HP: 37/47 MP: 6/6
  1828 | D:3      | Identified the +5 falchion of the Feral God {flame, rF- rN+
                  | Str+5 Int+2}
  1928 | D:3      | Reached *** piety under Trog
  1936 | D:3      | Found Wegorots's Armour Boutique.
  2229 | D:3      | Found a stormy altar of Qazlal.
  2230 | D:3      | Noticed a water elemental
  2232 | D:3      | Noticed an air elemental
  2232 | D:3      | Noticed a fire elemental
  2308 | D:5      | Entered Level 5 of the Dungeon
  2342 | D:4      | Found a bloodstained altar of Trog.
  2455 | D:4      | Reached skill level 7 in Long Blades
  2598 | D:4      | Found a blossoming altar of Fedhas.
  2909 | D:5      | Found Temp's General Store.
  3022 | D:5      | Bought a potion of invisibility for 104 gold pieces
  3117 | D:5      | Reached XP level 7. HP: 52/52 MP: 7/7
  3355 | D:5      | Reached skill level 8 in Long Blades
  3899 | D:6      | Found a hazy altar of Hepliaklqana.
  3956 | D:6      | Reached **** piety under Trog
  3966 | D:6      | Reached skill level 9 in Long Blades
  4078 | D:6      | Reached XP level 8. HP: 58/58 MP: 8/8
  4085 | D:6      | Found a staircase to the Ecumenical Temple.
  4631 | D:7      | Reached skill level 10 in Long Blades
  4715 | D:7      | HP: 2/58 [poisoned by an orc wizard]
  4715 | D:7      | Killed from afar by an orc wizard

Illustrated notes

Levels and vault maps discovered:
D:1:      lemuel_arrival_hallway, layout_loops_corners, serial_shops, shop,
          shop, shop, st_stairs_7
D:2:      layout_loops_ring, uniq_robin, uniq_terence, uniq_natasha
D:3:      layout_rooms, nicolae_qazlal_style_of_elements, serial_shops,
          nicolae_shop_advertising_works [nicolae_subvault_shop_adworks],
          grunt_decor_cap
D:4:      layout_rooms, fedhas_altar_3, mainiacjoe_overflow_surrounded_room
D:5:      layout_gridville, nicolae_inconvenience_store
D:6:      layout_gridville, nicolae_hepliaklqana_hazy_memory, temple_fountains,
          corexii_shack, serial_library_hellmonk_h_bend, eino_tiny_chamber,
          reono_crystal_passage
D:7:      layout_rooms, cheibrodos_worm_habitat, zin_purify, serial_shops, shop

Skill      XL: |  1  2  3  4  5  6  7  8 |
---------------+-------------------------+-----
Long Blades    | 4 5 6 7 9 10 | 10.7
Fighting       | |  3.0
Short Blades   | |  0.1
Armour         | |  1.7
Dodging        | |  1.7

Action                     |  1- 3 |  4- 6 |  7- 9 || total
---------------------------+-------+-------+-------++-------
  Melee: Dagger            |    72 |    52 |       ||   124
         Falchion          |    77 |   176 |   135 ||   388
         Short sword       |       |    36 |       ||    36
 Invoke: Berserk           |     1 |     2 |     4 ||     7
    Use: Scroll            |     2 |     3 |     4 ||     9
         Potion            |       |     1 |     4 ||     5
   Stab: Invisible         |       |       |     3 ||     3
 Armour: Ring mail         |    43 |   107 |    32 ||   182
         Leather armour    |       |       |    35 ||    35
  Dodge: Dodged            |    38 |   100 |    39 ||   177

Table legend: (Time is in decaauts)
 A = Elapsed time spent in this place.
 B = Non-inter-level travel time spent in this place.
 C = Inter-level travel time spent in this place.
 D = Time resting spent in this place.
 E = Time spent auto-exploring this place.
 F = Levels seen in this place.
 G = Mean time per level.
                   A        B        C        D        E       F      G
               +--------+--------+--------+--------+--------+-----+--------+
         Total |   4777 |   4679 |     98 |    237 |      0 |   7 |  682.4 |
       Dungeon |   4777 |   4679 |     98 |    237 |      0 |   7 |  682.4 |
               +--------+--------+--------+--------+--------+-----+--------+

Top non-repeatable levels by time:
     D:6: 1197 daAuts
     D:1: 914 daAuts
     D:2: 797 daAuts
     D:5: 788 daAuts
     D:3: 607 daAuts
     D:4: 421 daAuts
     D:7: 50 daAuts
